Map: Ulrena

Players

OLDFOXEY - Winner!

  • Race: Zerg Zerg
  • League: Grandmaster

Arcanumus

  • Race: Terran Terran
  • League: Master

VOD

Have the link to the VOD?

Description

Time

  • Played on: Jan. 22, 2016, 9:23 p.m.
  • Length: 8:12
Show
View Real Time Build Order
Export as new Build Order

OLDFOXEY Zerg - Winner!

Build Orders: Hatch First, Ravager All-In 

Get SALT Encoding   

  12  0:01  Drone  
  13  0:13  Overlord  
  13  0:17  Drone  
  14  0:31  Drone x2  
  16  0:37  Drone  
  17  0:52  Hatchery  
  17  0:56  Drone  
  17  1:01  Drone  
  18  1:11  Extractor  
  18  1:15  Spawning Pool  
  18  1:17  Drone  
  17  1:22  Drone  
  18  1:29  Drone  
  19  1:41  Drone  
  19  1:44  Extractor  
  19  1:51  Drone  
  20  2:02  Queen  
  20  2:05  Queen  
  20  2:06  Zergling x2  
  25  2:10  Drone  
  25  2:13  Drone  
  27  2:22  Drone  
  27  2:30  Roach Warren  
  27  2:35  Spore Crawler  
  25  2:37  Spine Crawler  
  26  2:46  Spore Crawler  
  26  2:51  Overlord  
  25  3:10  Roach x5  
  35  3:15  Overlord  
  35  3:18  Drone  
  37  3:34  Ravager x5  
  37  3:36  Drone x3, Overlord  
  44  3:54  Queen  
  46  4:17  Drone  
  46  4:18  Metabolic Boost, Drone x5  
  49  4:32  Drone x3  
  49  4:35  Hatchery  
  39  4:46  Drone  
  39  4:47  Drone x4, Overlord  
  44  4:59  Lair  
  44  5:00  Roach  
  44  5:05  Zergling x4  
  44  5:06  Zergling x4  
  50  5:07  Drone x4  
  50  5:09  Extractor  
  53  5:15  Roach  
  53  5:20  Drone  
  56  5:23  Evolution Chamber  
  55  5:37  Drone x5  
  55  5:39  Overlord  
  55  5:40  Extractor  
  59  5:48  Evolution Chamber  
  58  5:51  Overlord x3  
  58  5:52  Zerg Missile Weapons Level 1  
  58  5:57  Glial Reconstitution, Queen  
  58  5:59  Overseer  
  60  6:06  Drone x6  
  60  6:09  Overlord  
  66  6:13  Ravager x2  
  66  6:17  Roach x2  
  72  6:26  Roach x3  
  72  6:29  Drone x3  
  81  6:46  Drone x2  
  81  6:47  Drone x4  
  86  6:58  Drone  
  86  7:00  Ravager x3, Overseer  
  90  7:13  Extractor x2  
  90  7:14  Drone x7  
  90  7:15  Drone  
  96  7:17  Roach  
  96  7:20  Hatchery  
  96  7:21  Overlord x3  
  96  7:41  Roach  
  96  7:42  Roach x8  
  96  7:43  Overlord x3  
Show
View Real Time Build Order
Export as new Build Order

Arcanumus Terran 

Build Orders: Mech 

Get SALT Encoding   

  12  0:01  SCV  
  13  0:13  SCV  
  14  0:18  Supply Depot  
  14  0:25  SCV  
  15  0:31  Refinery  
  15  0:40  SCV  
  16  0:46  Barracks  
  16  0:53  SCV  
  17  1:06  SCV  
  18  1:18  SCV  
  20  1:32  Reaper  
  20  1:33  Orbital Command  
  20  1:51  Command Center  
  20  1:58  SCV  
  21  2:04  Reaper  
  21  2:05  Supply Depot  
  22  2:17  SCV  
  22  2:19  Factory  
  23  2:25  Refinery  
  24  2:30  SCV  
  24  2:42  SCV  
  24  2:43  Barracks Reactor  
  24  3:05  Orbital Command  
  24  3:06  Factory  
  24  3:11  SCV  
  25  3:18  Factory  
  25  3:23  SCV  
  26  3:29  Hellion x2  
  26  3:31  SCV  
  26  3:34  Barracks Tech Lab  
  31  3:37  SCV  
  32  3:51  Widow Mine  
  32  3:52  Widow Mine  
  38  4:01  Widow Mine  
  38  4:02  Widow Mine  
  38  4:04  Marauder  
  40  4:12  SCV x2  
  42  4:22  Hellion  
  40  4:25  Marauder  
  36  4:34  Factory Tech Lab  
  32  4:52  Factory Reactor  
  32  4:53  SCV x2  
  32  4:56  Siege Tank  
  37  5:05  SCV  
  38  5:24  Supply Depot  
  38  5:26  Supply Depot  
  38  5:34  Supply Depot  
  38  5:45  SCV, Hellion x2, Siege Tank  
  38  5:47  SCV  
  47  5:54  Supply Depot  
  47  5:57  Supply Depot, SCV  
  47  5:59  SCV  
  47  6:00  Siege Tank  
  52  6:06  Armory  
  52  6:09  SCV  
  53  6:11  SCV  
  53  6:14  Hellion x2  
  58  6:21  SCV  
  58  6:23  SCV  
  58  6:25  Refinery x2  
  60  6:32  Cyclone  
  63  6:33  SCV  
  63  6:37  SCV  
  65  6:46  SCV, Hellion x2  
  68  6:49  SCV  
  69  6:58  SCV, Cyclone  
  73  7:03  Supply Depot  
  73  7:05  SCV, Supply Depot  
  73  7:07  Hellion x2  
  78  7:24  Cyclone  
  78  7:28  Hellion  
  78  7:29  Hellion  
  85  7:30  Cyclone  
  84  7:50  Hellion  
Tags
 
Composition
Mech
Matchup
TvZ
Add a new tag
Caveats
  • Supply blocks, unpowered buildings, or Contaminate may cause inaccurate times.
  • Supply counts are checked every 10 seconds.